 Dungeon Crawl Stone Soup version 0.28.0-45-g0d030f2227 (webtiles) character file.

Game seed: 16868683338066887479

250 dianekeaton the Cudgeller (level 5, -3/45 HPs)
             Began as a Minotaur Fighter on Apr 12, 2022.
             Killed by divine providence
             ... invoked by an orc priest
              (13 damage)
             ... on level 5 of the Dungeon.
             The game lasted 00:05:21 (3171 turns).

dianekeaton the Cudgeller (Minotaur Fighter)        Turns: 3171, Time: 00:05:22

Health: -3/45      AC:  6    Str: 23    XL:     5   Next: 88%
Magic:  4/4        EV:  9    Int:  5    God:
Gold:   164        SH:  4    Dex:  9    Spells: 4/4 levels left

rFire   . . .      SeeInvis .   a - +0 flail
rCold   . . .      Faith    .   c - +0 buckler
rNeg    . . .      Spirit   .   b - +0 scale mail
rPois   .          Reflect  .   (helmet restricted)
rElec   .          Harm     .   (no cloak)
rCorr   .          Rampage  .   (no gloves)
Will    .....                   (no boots)
Stlth   ..........              p - amulet of regeneration
HPRegen 0.95/turn               (no ring)
MPRegen 0.09/turn               (no ring)

@: no status effects
A: horns 2, retaliatory headbutt
a: no special abilities


You were on level 5 of the Dungeon.
You visited 1 branch of the dungeon, and saw 5 of its levels.

You collected 164 gold pieces.

Inventory:

Hand Weapons
 a - a +0 flail (weapon)
Armour
 b - a +0 scale mail (worn)
 c - a +0 buckler (worn)
Jewellery
 f - an amulet of the acrobat
 j - an amulet of faith
 p - an amulet of regeneration (around neck)
Wands
 l - a wand of paralysis (9)
 o - a wand of acid (2)
Scrolls
 e - a scroll of fear {unknown}
 g - 4 scrolls of identify
 i - a scroll of summoning
 k - 3 scrolls of enchant weapon {unknown}
 n - 2 scrolls of amnesia
Potions
 d - 2 potions of might
 h - a potion of mutation
 m - a potion of flight
 q - a potion of magic {unknown}
 r - a potion of heal wounds {unknown}


   Skills:
 - Level 3.6 Fighting
 + Level 7.5 Maces & Flails
 - Level 3.6 Armour
 - Level 0.1 Stealth
 - Level 3.6 Shields


You had 4 spell levels left.
You didn't know any spells.
Your spell library contained the following spells:

 Spells                   Type           Power      Damage    Failure   Level
 Sandblast                Erth           0%         2d4       86%         1
 Gell's Gravitas          Tloc           0%         N/A       99%         3
 Ozocubu's Armour         Ice            0%         N/A       99%         3
 Teleport Other           Tloc           0%         N/A       99%         3
 Borgnjor's Vile Clutch   Necr/Erth      0%         N/A       100%        5
 Freezing Cloud           Conj/Ice/Air   0%         6-21      100%        5
 Dispersal                Tloc           0%         N/A       100%        6
 Ozocubu's Refrigeration  Ice            0%         4d5       100%        7
 Lehudib's Crystal Spear  Conj/Erth      0%         10d2      100%        8


Dungeon Overview and Level Annotations

Branches:
Dungeon (5/15)
 Temple: D:4-7

Altars:
Sif Muna
Beogh

Annotations:
D:2 1 runed translucent door, Crazy Yiuf


Innate Abilities, Weirdness & Mutations

You have a pair of horns on your head.
You reflexively headbutt those who attack you in melee.


Message History

The orc priest looks satisfied for a moment.
Things that are here:
a +0 war axe; a +0 scale mail; an orc corpse You closely miss the orc priest.
Your headbutt misses the orc priest. The orc hits you but does no damage.
The orc priest hits you but does no damage.
The orc priest hits you with a +0 flail.
The orc priest hits you with a +0 flail!
You closely miss the orc priest. The orc hits you but does no damage.
The orc priest calls down the wrath of Beogh upon you.
Beogh smites you!
The orc priest hits you with a +0 flail.
* * * LOW HITPOINT WARNING * * *
You sock the orc priest!
The orc priest is severely wounded.
You block the orc's attack.
The orc priest hits you with a +0 flail.
* * * LOW HITPOINT WARNING * * *
You hit the orc priest. Your headbutt misses the orc priest.
The orc priest is almost dead.
The orc barely misses you. You block the orc priest's attack.
The orc hits you with a +0 hand axe.
* * * LOW HITPOINT WARNING * * *
You barely miss the orc priest. Your headbutt misses the orc priest.
The orc priest is almost dead.
The orc priest hits you but does no damage.
The orc barely misses you. You furiously retaliate!
You headbutt the orc, but do no damage.
You hit the orc priest but do no damage.
The orc priest is almost dead.
The orc priest looks satisfied for a moment.
The orc hits you but does no damage.
You closely miss the orc priest.
The orc priest is almost dead.
The orc priest hits you with a +0 flail.
* * * LOW HITPOINT WARNING * * *
The orc hits you but does no damage.
The orc priest invokes the aid of Beogh against you.
Beogh smites you!
You die...

.......................)..
..##.#.#.##.##.#...........
. #.#......##.#.###...####
#.###.##.##)#.# ########
#.........# .....
#.##.##.#.# #####
#.##.##.#.# #.##o##.#.#
#..@.oo...## #.####.....#
#. #.....# ###### #.
###.....# #..... #.
#.......# #####< ##
#.......# #. #.......# #.
#.......# #. #..[....# ##


You could see 2 orc priests and an orc.

Vanquished Creatures
  A bullfrog zombie (D:5)
  2 hounds
  An iguana (D:4)
  4 adders
  A white imp (D:5)
  A worm (D:3)
  2 dart slugs (D:1)
  7 orcs
  6 endoplasms
  6 giant cockroaches
  8 goblins
  4 hobgoblins
  5 jackals
  4 quokkas
  4 ball pythons
  6 bats
  3 frilled lizards
  3 kobolds
  3 rats
71 creatures vanquished.

Notes
Turn   | Place    | Note
-------+----------+-------------------------------------------
     0 | D:1      | dianekeaton the Minotaur Fighter began the quest for the
                  | Orb.
     0 | D:1      | Reached XP level 1. HP: 19/19 MP: 0/0
    17 | D:1      | Got the Handbook of the Aerial Rocks
   176 | D:1      | Reached skill level 3 in Maces & Flails
   228 | D:1      | You fall into a shaft and drop 1 floor!
   228 | D:2      | Found a shimmering blue altar of Sif Muna.
   238 | D:2      | Reached XP level 2. HP: 21/26 MP: 1/1
   341 | D:2      | Reached skill level 4 in Maces & Flails
   519 | D:2      | Reached XP level 3. HP: 30/31 MP: 2/2
  1001 | D:2      | Found a faded altar of an unknown god.
  1088 | D:2      | Found a runed translucent door.
  1089 | D:2      | Noticed Crazy Yiuf
  1397 | D:1      | Reached skill level 5 in Maces & Flails
  1863 | D:3      | Reached XP level 4. HP: 35/39 MP: 3/3
  2605 | D:3      | Reached skill level 6 in Maces & Flails
  2924 | D:4      | Reached XP level 5. HP: 44/45 MP: 4/4
  3014 | D:4      | Noticed a black bear
  3029 | D:5      | Entered Level 5 of the Dungeon
  3077 | D:5      | Reached skill level 7 in Maces & Flails
  3171 | D:5      | Killed from afar by an orc priest

Illustrated notes

Levels and vault maps discovered:
D:1:      ncdulo_wetmaze, layout_loops_ring, hex_tiny, lemuel_flame_loot_1
D:2:      layout_rooms, basic_altar, serial_corexii_hall,
          chequers_hall_statues_y, chequers_hall_statues_y,
          corexii_hall_statues_i, corexii_hall_statues_x,
          hellmonk_ecumenical_altar_defaced_shrine,
          amcnicky_mini_rare_corridor_liquid, uniq_crazy_yiuf_cottage
D:3:      layout_basic, grunt_ministairs_6, minmay_diced_spiral
D:4:      layout_basic, uniq_eustachio
D:5:      layout_basic, minmay_temple_entry_drinking_statues

Skill      XL: |  1  2  3  4  5 |
---------------+----------------+-----
Maces & Flails | 3 4 5 6 7 |  7.5
Fighting       | |  3.6
Armour         | |  3.6
Stealth        | |  0.1
Shields        | |  3.6

Action                   |  1- 3 |  4- 6 || total
-------------------------+-------+-------++-------
Melee: Flail             |    90 |    81 ||   171
       Headbutt          |    10 |    11 ||    21
  Use: Scroll            |       |     5 ||     5
       Potion            |       |     2 ||     2
Armor: Scale mail        |    27 |    22 ||    49
Dodge: Dodged            |    41 |    39 ||    80
Block: Buckler           |    24 |    19 ||    43
